 Dungeon Crawl Stone Soup version 0.27.0-1-g7a089689b8 (webtiles) character file.

Game seed: 15017077853592023856

13952 Crownlay the Earth Mage (level 12, -2/77 HPs)
             Began as a Gargoyle Earth Elementalist on Aug 2, 2021.
             Killed by miscasting Iron Shot (9 damage)
             ... on level 1 of the Lair of Beasts.
             The game lasted 00:28:15 (12988 turns).

Crownlay the Earth Mage (GrEE)                     Turns: 12988, Time: 00:28:19

Health: -2/77      AC: 24    Str: 11    XL:     12   Next: 11%
Magic:  8/23       EV: 12    Int: 22    God:
Gold:   411        SH:  0    Dex: 15    Spells: 16/26 levels left

rFire    + . .     SeeInvis +   r - +7 trident of Resourcefulness {venom, Dex+5}
rCold    + . .     Faith    .   (no shield)
rNeg     + + .     Spirit   .   B - +4 steam dragon scales
rPois    ∞         Reflect  .   b - +2 helmet {SInv}
rElec    +         Harm     .   u - scarf {rC+ rF+}
rCorr    .         Rampage  .   (no gloves)
Will     .....                  (no boots)
Stlth    ++........             (no amulet)
HPRegen  0.22/turn              y - +4 ring of protection
MPRegen  0.18/turn              A - ring of positive energy

@: very slightly contaminated, studying Transmutations
A: sickness immunity, AC +8, negative energy resistance 1, electricity
resistance, torment resistance 1, petrification resistance
a: no special abilities


You were on level 1 of the Lair of Beasts.
You visited 2 branches of the dungeon, and saw 12 of its levels.
You also visited: Sewer.

You collected 411 gold pieces.

Inventory:

Hand Weapons
 r - the +7 trident of Resourcefulness (weapon) {venom, Dex+5}
   (You found it in a sewer)

   It poisons the flesh of those it strikes.
   Dex:       It affects your dexterity (+5).
 D - a +0 demon trident
Missiles
 w - 3 throwing nets
 K - 46 stones
Armour
 b - a +2 helmet of see invisible (worn)
 u - a scarf of resistance (worn)
 B - +4 steam dragon scales (worn)
Jewellery
 g - a ring of ice
 y - a +4 ring of protection (left hand)
 A - a ring of positive energy (right hand)
 H - a ring of ice
Wands
 c - a wand of flame (13)
 n - a wand of digging (3)
 E - a wand of paralysis (13)
 G - a wand of mindburst (40)
 M - a wand of iceblast (11)
Scrolls
 a - 3 scrolls of fog
 m - a scroll of vulnerability
 p - 2 scrolls of teleportation
 s - 2 scrolls of noise
 t - 2 scrolls of torment
 x - 2 scrolls of magic mapping
 z - 2 scrolls of amnesia
 C - a scroll of blinking {unknown}
 I - 5 scrolls of fear
 J - a scroll of identify
 L - 2 scrolls of enchant weapon {unknown}
Potions
 d - 7 potions of curing
 e - 3 potions of attraction
 f - a potion of might
 h - 2 potions of flight {unknown}
 i - 3 potions of degeneration
 j - 2 potions of haste
 k - 3 potions of lignification
 l - 3 potions of heal wounds
 o - 2 potions of magic {unknown}
 q - a potion of invisibility {unknown}
 v - 2 potions of mutation {unknown}
 F - a potion of brilliance {unknown}
Miscellaneous
 N - a lightning rod (4/4)


   Skills:
 - Level 10.0 Fighting
 - Level 1.5 Dodging
 - Level 2.1 Stealth
 - Level 7.5 Spellcasting
 * Level 8.5 Conjurations
 - Level 0.7 Transmutations
 - Level 15.0 Earth Magic


You had 16 spell levels left.
You knew the following spells:

 Your Spells              Type           Power      Damage    Failure   Level
a - Sandblast             Erth           100%       2d20      0%          1
b - Stone Arrow           Conj/Erth      100%       3d13      1%          3
c - Iron Shot             Conj/Erth      28%        9d6       10%         6

Your spell library contained the following spells:

 Spells                   Type           Power      Damage    Failure   Level
 Foxfire                  Conj/Fire      100%       2x1d9     1%          1
 Magic Dart               Conj           100%       1d8       1%          1
 Passwall                 Tmut/Erth      35%        N/A       1%          2
 Static Discharge         Conj/Air       27%        N/A       1%          2
 Petrify                  Tmut/Erth      42%        N/A       3%          4
 Conjure Flame            Conj/Fire      27%        6-21      4%          3
 Iskenderun's Battlesphe  Conj           45%        2d10      7%          5
 Mephitic Cloud           Conj/Pois/Air  20%        N/A       8%          3
 Call Imp                 Summ           8%         N/A       12%         2
 Slow                     Hex            8%         N/A       12%         2
 Sticky Flame             Conj/Fire      27%        2d5       14%         4
 Ignite Poison            Fire/Tmut/Pois 9%         N/A       22%         3
 Confusing Touch          Hex            8%         N/A       24%         3
 Inner Flame              Hex/Fire       8%         N/A       24%         3
 Lightning Bolt           Conj/Air       13%        1d27      36%         5
 Yara's Violent Unravell  Hex/Tmut       4%         3d4       88%         5
 Spellforged Servitor     Conj/Summ      13%        N/A       100%        7
 Maxwell's Capacitive Co  Air            4%         ∞         100%        8


Dungeon Overview and Level Annotations

Branches:
Dungeon (11/15)            Temple (0/1) D:7            Lair (1/6) D:8
    Orc (0/2) D:9           Sewer (visited)

Altars:
Dithmenos

Shops:
D:6 :

Portals:
Trove: D:10 (give 7 scrolls of fear)


Innate Abilities, Weirdness & Mutations

You are immune to sickness and miasma.
Your stone body is resilient. (AC +8)
You are immune to poison.
You resist negative energy. (rN+)
You are resistant to electric shocks. (rElec)
You are resistant to unholy torment.
You are immune to petrification.


Message History

The cane toad barely misses you.
You hit the cane toad but do no damage.
The cane toad looks even sicker.
The cane toad is almost dead.
The cane toad barely misses you. The cane toad stings you.
You closely miss the cane toad.
The cane toad is almost dead.
You kill the cane toad!
A seven-headed hydra comes into view.
You can't see any susceptible monsters within range! (Use Z to cast anyway.)
The stone arrow hits the seven-headed hydra!!
The seven-headed hydra is moderately wounded.
The seven-headed hydra roars!
The stone arrow hits the seven-headed hydra!
The seven-headed hydra is heavily wounded.
The stone arrow hits the seven-headed hydra!!
The seven-headed hydra is severely wounded.
You barely miss the seven-headed hydra.
The seven-headed hydra is severely wounded.
The seven-headed hydra bites you but does no damage. x2
The seven-headed hydra bites you! The seven-headed hydra bites you.
The seven-headed hydra bites you but does no damage.
The seven-headed hydra closely misses you.
The seven-headed hydra bites you! x2
The seven-headed hydra bites you but does no damage. x2
The seven-headed hydra bites you!
* * * LOW HITPOINT WARNING * * *
The seven-headed hydra bites you but does no damage.
The seven-headed hydra closely misses you.
The seven-headed hydra bites you!
* * * LOW HITPOINT WARNING * * *
You are too injured to fight recklessly!
Casting: Stone Arrow (safe; 1% risk of failure)
Confirm with . or Enter, or press ? or * to list all spells.
Aiming: Iron Shot (dangerous; 10% risk of failure)
Press: ? - help, Shift-Dir - straight line, f/p - seven-headed hydra
Aim: a seven-headed hydra (severely wounded, 90% to hit)
You miscast Iron Shot.
You are very lightly contaminated with residual magic.
Energy rips through your body!
You die...

.............
$......$....
..........
###.......#
#####.#......
...........#
.........<.#
...........#
.###...@##
#...D#
#.......
#.?.......
#...........
#./..........
##....#.##..#
#....... ...


You could see a seven-headed hydra.

Vanquished Creatures
  Fannar (D:10)
  A hydra (D:10)
  Harold (D:7)
  A boulder beetle (D:11)
  6 two-headed ogres
  Erica (D:8)
  A cane toad (Lair:1)
  Maggie (D:7)
  3 trolls
  A hornet (D:8)
  A shadow (D:9)
  Sigmund (D:5)
  3 yaks (D:9)
  Edmund (D:6)
  3 orc warriors
  An ice beast (D:6)
  2 black bears
  4 wolves (D:8)
  A sky beast (D:5)
  3 ogres
  8 centaurs
  2 phantoms
  2 kobold brigands (D:9)
  A gnoll sergeant (D:10)
  4 bullfrogs
  A scorpion (D:6)
  A water moccasin zombie (D:6)
  A water moccasin skeleton (D:6)
  12 wights
  2 troll zombies (D:9)
  6 electric eels (D:8)
  7 hounds
  5 orc priests
  A centaur skeleton (D:6)
  2 gnoll shamans
  5 iguanas
  6 orc wizards
  6 ogre zombies (D:9)
  3 hound skeletons (D:4)
  2 howler monkey zombies
  9 adders
  12 gnolls
  A howler monkey skeleton (D:4)
  2 white imps
  An ufetubus (D:6)
  An adder skeleton (D:2)
  A dart slug (D:4)
  20 orcs
  8 ball pythons
  4 bats
  4 endoplasms
  8 giant cockroaches
  6 hobgoblins
  20 kobolds
  14 quokkas
  7 frilled lizards
  A goblin (D:3)
  2 goblin skeletons (D:9)
  4 goblin zombies (D:9)
  2 hobgoblin skeletons (D:9)
  4 hobgoblin zombies (D:9)
  An orc skeleton (D:9)
  12 orc zombies (D:9)
  2 rats
260 creatures vanquished.

Vanquished Creatures (others)
  A plant (Lair:1)
1 creature vanquished.

Grand Total: 261 creatures vanquished

Notes
Turn   | Place    | Note
-------+----------+-------------------------------------------
     0 | D:1      | Crownlay the Gargoyle Earth Elementalist began the quest
                  | for the Orb.
     0 | D:1      | Reached XP level 1. HP: 10/10 MP: 3/3
   269 | D:1      | Reached skill level 4 in Earth Magic
   361 | D:1      | Reached XP level 2. HP: 15/15 MP: 1/5
  1164 | D:2      | Reached skill level 5 in Earth Magic
  1164 | D:2      | Reached XP level 3. HP: 15/19 MP: 3/6
  1669 | D:2      | Reached XP level 4. HP: 24/24 MP: 1/7
  2634 | D:3      | Found a faded altar of an unknown god.
  2905 | D:4      | Reached skill level 6 in Earth Magic
  2989 | D:4      | Noticed an ogre
  3014 | D:4      | Killed an ogre
  3015 | D:4      | Reached skill level 7 in Earth Magic
  3015 | D:4      | Reached XP level 5. HP: 16/28 MP: 0/8
  3082 | D:4      | Reached skill level 8 in Earth Magic
  3082 | D:4      | Reached XP level 6. HP: 17/32 MP: 3/9
  3086 | D:4      | Found a glowing drain.
  3199 | Sewer    | Entered a sewer
  3659 | Sewer    | Reached skill level 9 in Earth Magic
  3661 | Sewer    | Identified the +7 trident of Resourcefulness {venom, Dex+5}
  4075 | D:4      | Found a shadowy altar of Dithmenos.
  4080 | D:4      | Reached XP level 7. HP: 36/36 MP: 8/10
  5008 | D:5      | Entered Level 5 of the Dungeon
  5202 | D:5      | Reached skill level 10 in Earth Magic
  5394 | D:5      | Reached skill level 11 in Earth Magic
  5394 | D:5      | Reached XP level 8. HP: 41/41 MP: 8/11
  5394 | D:5      | Noticed Sigmund
  5425 | D:5      | Killed Sigmund
  5672 | D:5      | Learned a level 3 spell: Stone Arrow
  6002 | D:6      | Reached skill level 12 in Earth Magic
  6002 | D:6      | Reached skill level 1 in Fighting
  6002 | D:6      | Noticed a two-headed ogre
  6008 | D:6      | Killed a two-headed ogre
  6009 | D:6      | Reached XP level 9. HP: 14/56 MP: 1/12
  6307 | D:6      | Noticed Edmund
  6322 | D:6      | Killed Edmund
  6576 | D:6      | Noticed a two-headed ogre
  6581 | D:6      | Killed a two-headed ogre
  6582 | D:6      | Reached skill level 10 in Fighting
  7081 | D:6      | Found Rexkaol's Book Emporium.
  7133 | D:6      | Reached XP level 10. HP: 68/68 MP: 10/15
  7627 | D:7      | Noticed Harold
  7632 | D:7      | Killed Harold
  7633 | D:7      | Reached skill level 5 in Spellcasting
  7689 | D:7      | Noticed Maggie
  7695 | D:7      | Killed Maggie
  8023 | D:7      | Found a staircase to the Ecumenical Temple.
  8369 | D:8      | Noticed Erica
  8375 | D:8      | Killed Erica
  8906 | D:8      | Found a staircase to the Lair.
  8908 | D:8      | Reached skill level 13 in Earth Magic
  9194 | D:8      | You fall into a shaft and drop 3 floors!
  9230 | D:11     | Reached XP level 11. HP: 67/72 MP: 22/22
  9274 | D:10     | Entered Level 10 of the Dungeon
  9547 | D:9      | Found a staircase to the Orcish Mines.
 10295 | D:9      | Reached skill level 14 in Earth Magic
 10887 | D:10     | Learned a level 6 spell: Iron Shot
 10914 | D:10     | Noticed Fannar
 10926 | D:10     | Killed Fannar
 11258 | D:10     | Noticed a five-headed hydra
 11265 | D:10     | Killed a five-headed hydra
 11266 | D:10     | Reached skill level 15 in Earth Magic
 11686 | D:10     | Found a portal to a secret trove of treasure.
 11737 | D:11     | Noticed a two-headed ogre
 11742 | D:11     | Killed a two-headed ogre
 12012 | D:11     | Noticed a boulder beetle
 12022 | D:11     | Killed a boulder beetle
 12023 | D:11     | Reached skill level 5 in Conjurations
 12210 | D:11     | Noticed a two-headed ogre
 12214 | D:11     | Killed a two-headed ogre
 12597 | D:11     | Noticed a two-headed ogre
 12600 | D:11     | Killed a two-headed ogre
 12601 | D:11     | Reached XP level 12. HP: 77/77 MP: 13/23
 12734 | D:11     | Noticed a two-headed ogre
 12737 | D:11     | Killed a two-headed ogre
 12929 | Lair:1   | Entered Level 1 of the Lair of Beasts
 12980 | Lair:1   | Noticed a seven-headed hydra
 12988 | Lair:1   | Killed by miscasting Iron Shot

Illustrated notes

Levels and vault maps discovered:
D:1:      scummos_arrival_checkerplants, layout_basic, columned_hall_lemuel
D:2:      layout_basic, minmay_hexomino_u4
D:3:      layout_basic, hellmonk_ecumenical_altar_inner_sanctum
D:4:      layout_gridville, lemuel_round_altar, portal_sewer_entry_f,
          minmay_starry_boxes
D:5:      layout_gridville, chequers_avenue, uniq_sigmund
D:6:      layout_basic, serial_shops, nicolae_inconvenience_store,
          minmay_manual_mail, uniq_edmund
D:7:      layout_basic, minmay_temple_entry_glassed_door, uniq_harold,
          uniq_maggie
D:8:      layout_layer_cave, erik_lair_island, uniq_erica
D:9:      layout_cave_pods, zombieorc2_lemuel
D:10:     layout_roguey, enter_trove_3, uniq_fannar
D:11:     layout_irregular_city
Lair:1:   layout_gridlike, guppyfry_lair_drakes

Skill      XL: |  1  2  3  4  5  6  7  8  9 10 11 12 |
---------------+-------------------------------------+-----
Earth Magic    | 4 5 7 8 9 11 12 13 15 | 15.0
Fighting       | 6 10 | 10.0
Spellcasting   | 3 7 |  7.5
Conjurations   | 7 8 |  8.5
Dodging        | |  1.5
Stealth        | |  2.1
Transmutations | |  0.7

Action                   |  1- 3 |  4- 6 |  7- 9 | 10-12 || total
-------------------------+-------+-------+-------+-------++-------
Melee: Whip              |    30 |    56 |       |       ||    86
       Trident           |       |     8 |    33 |    96 ||   137
 Cast: Sandblast         |    32 |    54 |    93 |   171 ||   350
       Stone Arrow       |       |       |       |    62 ||    62
  Use: Scroll            |       |     8 |     4 |     7 ||    19
 Stab: Sleeping          |     3 |     1 |     1 |       ||     5
Armor: Robe              |    26 |    24 |    29 |     2 ||    81
       Steam dragon scal |       |       |       |   117 ||   117
Dodge: Dodged            |    27 |    39 |    39 |   137 ||   242
